 Dungeon Crawl Stone Soup version 0.23.2-40-g277498a001 (webtiles) character file.

Game seed: 1469745697475932325

677 Emblim88 the Ruffian (level 7, 0/71 HPs)
             Began as a Troll Berserker on Oct 3, 2019.
             Was a Priest of Trog.
             Slain by a killer bee (4 damage)
             ... on level 8 of the Dungeon on Oct 4, 2019.
             The game lasted 00:15:34 (2676 turns).

Emblim88 the Ruffian (Troll Berserker)              Turns: 2676, Time: 00:15:34

Health: 0/71       AC:  7    Str: 27    XL:     7   Next: 33%
Magic:  6/6        EV: 11    Int:  3    God:    Trog [***...]
Gold:   140        SH:  0    Dex: 10    Spells: 6/6 levels left

rFire    . . .     SeeInvis .     - Unarmed
rCold    . . .     Gourm    +   (no shield)
rNeg     . . .     Faith    .   a - +1 animal skin
rPois    +         Spirit   .   (helmet restricted)
rElec    .         Reflect  .   (no cloak)
rCorr    .         Harm     .   (gloves unavailable)
MR       .....                  (boots unavailable)
Stlth    +.........             n - amulet of magic regeneration
HPRegen  0.61/turn              p - ring of poison resistance
MPRegen  0.35/turn              (no ring)

@: lethally poisoned (0 -> -5), berserk cooldown, slowed, very slow
A: large, unfitting armour, claws 3, fast metabolism 3, gourmand, regeneration
1, shaggy fur 1, tough skin 3
a: Berserk, Trog's Hand, Renounce Religion


You were on level 8 of the Dungeon.
You worshipped Trog.
Trog was most pleased with you.
You were not hungry.

You visited 1 branch of the dungeon, and saw 6 of its levels.

You collected 284 gold pieces.
You spent 144 gold pieces at shops.

Inventory:

Hand Weapons
 u - a +0 arbalest
 v - a +1 dagger of speed
Missiles
 e - 22 bolts
 s - 2 needles of paralysis
Armour
 a - a +1 animal skin (worn)
Jewellery
 f - an uncursed ring of magical power {unknown}
 n - an amulet of magic regeneration (around neck)
 p - a ring of poison resistance (left claw)
Scrolls
 c - 5 scrolls of magic mapping
 h - 2 scrolls of remove curse
 j - 2 scrolls of enchant armour
 m - 2 scrolls of blinking
 r - a scroll of teleportation
 t - a scroll of enchant weapon
 y - a scroll of immolation
Potions
 d - 2 potions of agility
 g - a potion of magic
 i - a potion of might
 k - a potion of heal wounds
 l - a potion of haste
 o - a potion of degeneration {unknown}
 q - 2 potions of curing
 w - a potion of invisibility {unknown}
 x - a potion of mutation {unknown}
 z - a potion of berserk rage {unknown}
Comestibles
 b - 7 rations


   Skills:
 * Level 4.5 Fighting
 + Level 2.4 Armour
 + Level 3.6 Dodging
 * Level 5.5 Unarmed Combat


You had 6 spell levels left.
You didn't know any spells.
Your spell library contained the following spells:

 Spells                   Type           Power        Failure   Level  Hunger
 Magic Dart               Conj           #...         52%         1    ##.....
 Summon Small Mammal      Summ           #...         52%         1    ##.....
 Blink                    Tloc           N/A          67%         2    ###....
 Call Imp                 Summ           #.......     67%         2    ###....
 Slow                     Hex            #.......     67%         2    ###....
 Call Canine Familiar     Summ           #.......     88%         3    ####...
 Conjure Flame            Conj/Fire      #.......     88%         3    ####...
 Mephitic Cloud           Conj/Pois/Air  #.......     88%         3    ####...
 Summon Guardian Golem    Hex/Summ       #.......     88%         3    ####...
 Summon Ice Beast         Ice/Summ       #.......     99%         4    #####..
 Summon Lightning Spire   Summ/Air       #.......     99%         4    #####..


Dungeon Overview and Level Annotations

Branches:
Dungeon (5/15)
 Temple: D:4-7

Altars:
Gozag
Uskayaw

Shops:
D:4 *


Innate Abilities, Weirdness & Mutations

You are too large for most types of armour.
You have claws for hands.
Your metabolism is lightning-fast.
You like to eat raw meat.
Your natural rate of healing is unusually fast.
You are covered in fur. (AC +1)
You have extremely tough skin. (AC +3)


Message History

You feel sick.
The killer bee stings you but does no damage.
You feel a strong urge to attack something.
You are no longer berserk.
You are exhausted.
You feel yourself slow down.
You feel sick.
You feel sick. The killer bee closely misses you.
The killer bee barely misses you. The killer bee stings you.
* * * LOW HITPOINT WARNING * * *
The killer bee stings you but does no damage.
The killer bee barely misses you. x2
You feel sick. The killer bee stings you!
* * * LOW HITPOINT WARNING * * *
The killer bee closely misses you. The killer bee stings you.
* * * LOW HITPOINT WARNING * * *
The killer bee closely misses you. The killer bee misses you.
The killer bee stings you.
* * * LOW HITPOINT WARNING * * *
The killer bee stings you.
You die...

#############
#............
#.@y.........
#yyy.........
#.y..........
#.....†......
###............
#....#)...#####
##...#....#
#...#....#
##+##....#


You could see 5 killer bees.

Vanquished Creatures
  A phantom (D:4)
  An ogre (D:4)
  A killer bee (D:8)
  2 howler monkeys
  A hound (D:4)
  2 orc wizards (D:5)
  A centaur skeleton (D:5)
  3 worker ants
  6 adders
  4 gnolls (D:2)
  An ooze (D:3)
  An adder skeleton (D:4)
  A worm (D:2)
  3 dart slugs
  2 leopard geckos
  12 orcs
  2 ball pythons
  5 giant cockroaches
  10 hobgoblins
  5 jackals
  2 quokkas (D:4)
  6 bats
  4 frilled lizards
  6 goblins
  5 kobolds
  A leopard gecko skeleton (D:4)
  A quokka skeleton (D:4)
  8 rats
97 creatures vanquished.

Notes
Turn   | Place    | Note
-------+----------+-------------------------------------------
     0 | D:1      | Emblim88 the Troll Berserker began the quest for the Orb.
     0 | D:1      | Reached XP level 1. HP: 22/22 MP: 0/0
   207 | D:1      | Reached XP level 2. HP: 29/29 MP: 1/1
   455 | D:2      | Noticed a +0 hand axe
   458 | D:2      | Reached XP level 3. HP: 22/36 MP: 2/2
   465 | D:2      | Reached ** piety under Trog
   511 | D:2      | Noticed a +0 dagger
   524 | D:2      | Found a hide-covered altar of Uskayaw.
   532 | D:2      | Reached skill level 1 in Armour
   537 | D:2      | Reached XP level 4. HP: 38/45 MP: 3/3
   970 | D:3      | Reached skill level 4 in Unarmed Combat
  1312 | D:3      | Found a faded altar of an unknown god.
  1316 | D:3      | Reached *** piety under Trog
  1316 | D:3      | Reached XP level 5. HP: 53/53 MP: 4/4
  1382 | D:3      | Found an opulent altar of Gozag.
  1699 | D:4      | Noticed a phantom
  1712 | D:4      | Killed a phantom
  1778 | D:4      | Reached XP level 6. HP: 62/62 MP: 5/5
  2013 | D:4      | Reached skill level 5 in Unarmed Combat
  2131 | D:4      | Found Pupyzyrgh's Assorted Antiques.
  2136 | D:4      | Bought a grey potion for 27 gold pieces
  2136 | D:4      | Bought a scroll labeled GATWIU TEOZUXA for 30 gold pieces
  2136 | D:4      | Bought a black potion for 27 gold pieces
  2136 | D:4      | Bought a scroll labeled YMIW USTUWE for 30 gold pieces
  2136 | D:4      | Bought a scroll labeled WAQUEG EDUFOCS for 30 gold pieces
  2289 | D:5      | Entered Level 5 of the Dungeon
  2440 | D:5      | Reached XP level 7. HP: 67/70 MP: 6/6
  2655 | D:5      | You fall through a shaft for 3 floors!
  2676 | D:8      | Slain by a killer bee

Skill      XL: |  1  2  3  4  5  6 |
---------------+-------------------+-----
Fighting       | 3 4 |  4.5
Armour         | 1 2 |  2.4
Unarmed Combat | 4 5 |  5.5
Dodging        | 3 |  3.6

Action                   |  1- 3 |  4- 6 |  7- 9 || total
-------------------------+-------+-------+-------++-------
Melee: Unarmed           |    56 |   174 |    37 ||   267
       Punch             |       |     4 |       ||     4
Invok: Berserk           |       |     1 |     1 ||     2
       Trog's Hand       |       |     1 |     1 ||     2
  Use: Potion            |     1 |     2 |       ||     3
       Scroll            |       |    11 |       ||    11
  Eat: Chunk             |     6 |    22 |       ||    28
Armor: Animal skin       |    25 |    63 |    26 ||   114
Dodge: Dodged            |    35 |    95 |    45 ||   175
